 Dungeon Crawl Stone Soup version 0.32-a0-42-ga30500b4d3 (webtiles) character file.

Game seed: 11627041290382641506

1171 horus123 the Conjurer (level 8, -2/58 HPs)
             Began as a Human Conjurer on Feb 2, 2024.
             Was a Believer of Nemelex Xobeh.
             Slain by an unseen horror (9 damage)
             ... on level 5 of the Dungeon.
             The game lasted 00:09:59 (6038 turns).

horus123 the Conjurer (Human Conjurer)              Turns: 6038, Time: 00:10:00

Health: -2/58      AC:  5    Str:  6    XL:     8   Next: 41%
Magic:  15/15      EV: 12    Int: 21    God:    Nemelex Xobeh [**....]
Gold:   144        SH:  0    Dex: 15    Spells: 11/17 levels left

rFire   + + .        i - +9 dagger "Ivemurgha" {drain, rF++ Str-2 Dex+4}
rCold   . . .        (no shield)
rNeg    . . .        a - +0 robe
rPois   +            u - +2 helmet
rElec   .            (no cloak)
rCorr   .            (no gloves)
SInv    .            (no boots)
Will    .....        (no amulet)
Stlth   ++           h - ring of poison resistance
HPRegen 0.29/turn    (no ring)
MPRegen 0.14/turn

%: no passive effects
@: no status effects
A: explore regen
a: Renounce Religion, Draw Escape, Draw Destruction, Draw Summoning


You were on level 5 of the Dungeon.
You worshipped Nemelex Xobeh.
Nemelex Xobeh was pleased with you.
You visited 1 branch of the dungeon, and saw 5 of its levels.

You collected 226 gold pieces.
You spent 82 gold pieces at shops.

Inventory:

Hand Weapons
 c - a +1 mace
 i - the +9 dagger "Ivemurgha" (weapon) {drain, rF++ Str-2 Dex+4}
   (You found it on level 2 of the Dungeon)

   Str-2:     It affects your strength (-2).
   Dex+4:     It affects your dexterity (+4).
   rF++:      It greatly protects you from fire.
Armour
 a - a +0 robe (worn)
 u - a +2 helmet (worn)
Jewellery
 h - a ring of poison resistance (left hand)
Wands
 s - a wand of iceblast (10)
Scrolls
 e - a scroll of enchant weapon
 j - 5 scrolls of teleportation
 k - 2 scrolls of poison
 l - 2 scrolls of fog {unknown}
 n - 2 scrolls of acquirement {unknown}
 p - a scroll of fear {unknown}
 q - a scroll of noise {unknown}
 t - a scroll of immolation {unknown}
 v - a scroll of revelation {unknown}
 x - a scroll of enchant armour
 y - a scroll of amnesia
Potions
 d - 2 potions of enlightenment {unknown}
 f - a potion of degeneration {unknown}
 g - a potion of ambrosia {unknown}
 m - 4 potions of heal wounds {unknown}
 o - a potion of haste {unknown}
 r - a potion of attraction {unknown}
 w - 2 potions of mutation


   Skills:
 - Level 3.0 Fighting
 - Level 5.0 Short Blades
 - Level 2.0 Dodging
 - Level 2.0 Stealth
 - Level 5.0 Spellcasting
 + Level 6.9 Conjurations


You had 11 spell levels left.
You knew the following spells:

 Your Spells              Type           Power      Damage    Failure   Level
a - Magic Dart            Conj           100%       1d8       1%          1
b - Searing Ray           Conj           68%        2d6       1%          2
c - Call Canine Familiar  Summ           5%         N/A       32%         3

Your spell library contained the following spells:

 Spells                   Type           Power      Damage    Failure   Level
 Summon Small Mammal      Summ           20%        N/A       11%         1
 Fulminant Prism          Conj/Alch      9%         3d7       26%         4
 Iskenderun's Mystic Bla  Conj/Tloc      19%        2d6       26%         4
 Summon Blazeheart Golem  Fire/Summ      5%         N/A       71%         4
 Alistair's Intoxication  Alch           3%         N/A       96%         5
 Borgnjor's Vile Clutch   Necr/Erth      2%         N/A       96%         5
 Eringya's Noxious Bog    Alch           2%         4d6       100%        6


Dungeon Overview and Level Annotations

Branches:
Dungeon (5/15)             Temple (0/1) D:4

Altars:
Nemelex Xobeh

Shops:
D:4 ?*?   D:5 (


Innate Abilities, Weirdness & Mutations

You regain HP and MP as you explore.


Message History

You hear mighty peals of thunder!
Something hits you.
Deactivating autopickup; reactivate with Ctrl-A.
The orc closely misses you.
Your Conjurations skill increases to level 6!
Okay, then.
Casting: Searing Ray (safe; 1% risk of failure)
Confirm with . or Enter, or press ? or * to list all spells.
Aiming: Searing Ray (safe; 1% risk of failure)
Press: ? - help, Shift-Dir - straight line, f - troll
Aim: a troll (moderately wounded, 79% to hit)
The searing ray hits the troll.
The troll is heavily wounded. (Press . to maintain the ray.) Unknown command.
The searing ray hits the troll!
The troll is severely wounded.
The searing ray hits the troll!
The troll is almost dead.
The searing ray hits something.
Something hits you but does no damage.
The searing ray hits the troll.
The troll is almost dead.
You finish channelling your searing ray.
Something hits you but does no damage. Something hits you.
The troll misses you. The troll claws you! The troll claws you.
Casting: Searing Ray (safe; 1% risk of failure)
Confirm with . or Enter, or press ? or * to list all spells.
Aiming: Searing Ray (safe; 1% risk of failure)
Press: ? - help, Shift-Dir - straight line, f/p - troll
Aim: a troll (almost dead, 79% to hit)
The searing ray hits the troll.
You kill the troll! (Press . to maintain the ray.)
Something hits you! Magic courses through your body. Something hits you.
* * * LOW HITPOINT WARNING * * *
Something hits you!
* * * LOW HITPOINT WARNING * * *
Something hits you but does no damage. Something hits you!
You die...
Your body glows slightly and disappears.

## #######
[...###.....#### #.# .
#......o.@...### #.#
#...$.##'##{......##
#.##. .####.).####..)..#
#.#.. #(.#.{.#..###...#
#.#.# #..#†..#..#.##..#
#.#.+ #.[#.))#..#.)'..#
#.#.## #..#.).#..#.##.^#
.....###..#.$.#..###...#
.#.#...##'#$$:#)##...#.#


You could see an orc.

Vanquished Creatures
  A troll (D:5)
  A sky beast (D:5)
  An ogre (D:5)
  2 phantoms (D:5)
  2 howler monkeys (D:5)
  2 hounds
  A bombardier beetle (D:5)
  2 jellies
  Terence (D:2)
  2 sleepcaps
  2 iguanas
  6 orc wizards
  3 adders
  A white imp (D:5)
  2 dart slugs
  12 orcs
  8 ball pythons
  7 bats
  5 endoplasms
  6 giant cockroaches
  7 goblins
  11 hobgoblins
  3 jackals (D:1)
  13 kobolds
  5 quokkas
  2 frilled lizards (D:1)
  7 rats
115 creatures vanquished.

Notes
Turn   | Place    | Note
-------+----------+-------------------------------------------
     0 | D:1      | horus123 the Human Conjurer began the quest for the Orb.
     0 | D:1      | Reached XP level 1. HP: 13/13 MP: 3/3
   227 | D:1      | Reached XP level 2. HP: 19/19 MP: 1/5
   278 | D:1      | Learned a level 2 spell: Searing Ray
   762 | D:1      | Reached XP level 3. HP: 24/24 MP: 1/7
   967 | D:1      | Learned a level 3 spell: Call Canine Familiar
  1752 | D:2      | Found a sparkling altar of Nemelex Xobeh.
  1754 | D:2      | Identified the +9 dagger "Ivemurgha" {drain, rF++ Str-2
                  | Dex+4}
  1773 | D:2      | Reached XP level 4. HP: 26/30 MP: 1/9
  1958 | D:2      | Noticed Terence
  1968 | D:2      | Killed Terence
  2700 | D:2      | Became a worshipper of Nemelex Xobeh the Trickster
  2967 | D:3      | Reached XP level 5. HP: 35/35 MP: 3/11
  3084 | D:3      | Reached skill level 5 in Spellcasting
  3193 | D:3      | Reached skill level 1 in Short Blades
  3957 | D:4      | Reached * piety under Nemelex Xobeh
  4063 | D:4      | Reached XP level 6. HP: 36/41 MP: 6/13
  4300 | D:4      | Found Deresm's Magic Scroll Shop.
  4331 | D:4      | Bought a scroll of enchant armour for 82 gold pieces
  4340 | D:4      | Found a staircase to the Ecumenical Temple.
  4396 | D:4      | Received a gift from Nemelex Xobeh
  4410 | D:4      | Found Keergheg's Magic Scroll Shoppe.
  4547 | D:4      | Found Wolaergh's General Store.
  5197 | D:5      | Entered Level 5 of the Dungeon
  5367 | D:5      | Reached XP level 7. HP: 46/46 MP: 9/14
  5409 | D:5      | Reached ** piety under Nemelex Xobeh
  5473 | D:5      | Reached skill level 5 in Short Blades
  5652 | D:5      | Found Citt's Antique Weapon Shop.
  5676 | D:5      | Reached skill level 1 in Fighting
  5845 | D:5      | Reached skill level 5 in Conjurations
  6021 | D:5      | Noticed a troll
  6026 | D:5      | Reached XP level 8. HP: 51/58 MP: 9/15
  6029 | D:5      | Reached skill level 6 in Conjurations
  6037 | D:5      | Killed a troll
  6038 | D:5      | Slain by an unseen horror

Illustrated notes

Levels and vault maps discovered:
D:1:      onia_arrival_mini_maze, layout_basic, minivault_24
D:2:      layout_loops_cross, basic_altar, uniq_terence
D:3:      layout_basic
D:4:      layout_layer_cave, temple_fountains, serial_shops,
          nicolae_shop_tiny_waterfront, nicolae_shop_stone, shop
D:5:      layout_basic, serial_shops, shop, minmay_divided_ellipse

Skill      XL: |  1  2  3  4  5  6  7  8 |
---------------+-------------------------+-----
Spellcasting   | 3 4 5 |  5.0
Short Blades   | 2 4 5 |  5.0
Fighting       | 3 |  3.0
Conjurations   | 5 6 |  6.9
Dodging        | |  2.0
Stealth        | |  2.0

Action                     |  1- 3 |  4- 6 |  7- 9 || total
---------------------------+-------+-------+-------++-------
  Melee: Mace              |    14 |       |       ||    14
         Dagger            |     6 |    15 |     6 ||    27
   Cast: Magic Dart        |    74 |   103 |    10 ||   187
         Searing Ray       |     1 |    11 |    10 ||    22
 Invoke: Draw Destruction  |       |       |     1 ||     1
    Use: Scroll            |     2 |     4 |     1 ||     7
         Potion            |       |       |     1 ||     1
 Armour: Robe              |    25 |    26 |    29 ||    80
  Dodge: Dodged            |    22 |    18 |    17 ||    57

Table legend: (Time is in decaauts)
 A = Elapsed time spent in this place.
 B = Non-inter-level travel time spent in this place.
 C = Inter-level travel time spent in this place.
 D = Time resting spent in this place.
 E = Time spent auto-exploring this place.
 F = Levels seen in this place.
 G = Mean time per level.
                   A        B        C        D        E       F      G
               +--------+--------+--------+--------+--------+-----+--------+
         Total |   6039 |   5963 |     76 |    266 |   5047 |   5 | 1207.8 |
       Dungeon |   6039 |   5963 |     76 |    266 |   5047 |   5 | 1207.8 |
               +--------+--------+--------+--------+--------+-----+--------+

Top non-repeatable levels by time:
     D:1: 1653 daAuts
     D:4: 1274 daAuts
     D:3: 1209 daAuts
     D:2: 1062 daAuts
     D:5: 839 daAuts
